 Dungeon Crawl Stone Soup version 0.20-a0-59-g66a9409 (webtiles) character file.

47 KristoblXynda the Insei (level 3, -1/23 HPs)
             Began as an Octopode Transmuter on Nov 16, 2016.
             Slain by a hobgoblin
             ... wielding a +0 club
              (3 damage)
             ... on level 3 of the Dungeon.
             The game lasted 00:02:30 (2138 turns).

KristoblXynda the Insei (Octopode Transmuter)       Turns: 2138, Time: 00:02:31

Health: -1/23      AC:  1    Str:  9    XL:     3   Next: 70%
Magic:  15/15      EV: 13    Int: 16    God:
Gold:   52         SH:  0    Dex: 12    Spells: 1 memorised, 5 levels left

rFire  . . .     SeeInvis .       - Unarmed
rCold  . . .     Gourm    .     (no shield)
rNeg   . . .     Faith    .     (helmet restricted)
rPois  .         Spirit   .     (no amulet)
rElec  .         Reflect  .     k - ring of magical power
rCorr  .         Harm     .     (no ring)
MR     .....                    (no ring)
Stlth  ++........               (no ring)
                                (no ring)
                                (no ring)
                                (no ring)
                                (no ring)

@: appendage (expiring), flying
A: almost no armour, stealthy swim, amphibious, 8 rings, constrict 8, tentacle
spike 3, camouflage 1, gelatinous body 1
a: End Transformation


You were on level 3 of the Dungeon.
You were not hungry.
One of your tentacles had a temporary spike.
You visited 1 branch of the dungeon, and saw 3 of its levels.

You collected 52 gold pieces.

Inventory:

Jewellery
 k - a ring of magical power (left tentacle)
Potions
 a - a potion of degeneration
 e - 2 potions of haste
Books
 b - a book of Changes

   Spells                             Type                      Level
   a - Beastly Appendage              Transmutation                1
   b - Sticks to Snakes               Transmutation                2
   c - Spider Form                    Transmutation/Poison         3
   d - Ice Form                       Ice/Transmutation            4
   e - Blade Hands                    Transmutation                5
Comestibles
 c - a bread ration
 d - a royal jelly
 i - a meat ration


   Skills:
 - Level 1.0 Fighting
 - Level 2.0 Dodging
 * Level 3.9 Unarmed Combat
 - Level 2.0 Spellcasting
 + Level 3.0 Transmutations


You had 5 spell levels left.
You knew the following spells:

 Your Spells              Type           Power        Failure   Level  Hunger
a - Beastly Appendage     Tmut           ##....       8%          1    #......


Dungeon Overview and Level Annotations

Branches:
Dungeon (3/15)

Altars:


Innate Abilities, Weirdness & Mutations

You cannot wear most types of armour.
You are very stealthy in the water. (Stealth+)
You are amphibious.
You can wear up to eight rings at the same time.
You can use your tentacles to constrict eight enemies at once.
Your skin changes colour to match your surroundings (Stealth+).
Your rubbery body absorbs attacks. (AC +1, EV +1)
One of your tentacles bears a large vicious spike.


Message History

The hobgoblin shouts!
You tentacle-slap the hobgoblin. Your grab misses the hobgoblin.
The hobgoblin is almost dead.
The hobgoblin barely misses you.
You closely miss the hobgoblin. You grab the hobgoblin.
You pierce the hobgoblin.
You kill the hobgoblin!
Your Transmutations skill increases to level 3!
It was a potion of flight.
You feel very buoyant.
You fly up into the air.
Your transformation is almost over.
You tentacle-slap the adder. You grab the adder.
Your tentacle spike misses the adder.
You squeeze the adder.
The adder is moderately wounded.
You constrict the adder, but do no damage.
The adder bites you.
* * * LOW HITPOINT WARNING * * *
The hobgoblin hits you with a club.
You die...

.##.........
..........#
.........#
#........# ..
#........# ...
#........##...
#..gS.......#
#..@........#
#...........#
#...$.......#
#....<......#
#...........#
#######.#...!
.# ... . . ..


You could see an adder and a hobgoblin.

Vanquished Creatures
  An adder (D:2)
  2 giant cockroaches
  6 goblins
  3 hobgoblins
  5 kobolds
  2 quokkas (D:2)
  2 ball pythons
  3 bats
  6 frilled lizards
  7 rats
37 creatures vanquished.

Notes
Turn   | Place    | Note
-------+----------+-------------------------------------------
     0 | D:1      | KristoblXynda the Octopode Transmuter began the quest for the Orb.
     0 | D:1      | Reached XP level 1. HP: 13/13 MP: 3/3
   195 | D:1      | Reached XP level 2. HP: 6/18 MP: 5/5
  1119 | D:1      | Reached XP level 3. HP: 23/23 MP: 6/6
  2138 | D:3      | Slain by a hobgoblin

Vault maps used:
D:1:      lightli_arrival_lavapool
D:2:      lemuel_doored_altar, minmay_pentomino_o2, uniq_terence
D:3:      corexii_leaking_fountain

Skill      XL: |  1  2  3 |
---------------+----------+-----
Transmutations | 3 |  3.0
Fighting       | |  1.0
Dodging        | |  2.0
Unarmed Combat | |  3.9
Spellcasting   | |  2.0

Action                   || total
-------------------------++-------
Melee: Unarmed           ||    80
       Constrict         ||    21
       Tentacles         ||     9
       Punch             ||     1
       Kick              ||     3
 Cast: Beastly Appendage ||     2
  Use: Scroll            ||     6
       Potion            ||     1
 Stab: Sleeping          ||     5
  Eat: Chunk             ||     4
Armor: Skin              ||    11
Dodge: Dodged            ||    59
